 Dungeon Crawl Stone Soup version 0.24.0-35-gdb84b6a5db (webtiles) character file.

Game seed: 5678334785748760905, levelgen mode: deterministic

2951 Curus the Severer (level 9, -8/70 HPs)
             Began as a Minotaur Fighter on Nov 20, 2019.
             Was an Initiate of Makhleb.
             Mangled by an orc warrior
             ... wielding a +0 halberd
              (20 damage)
             ... on level 8 of the Dungeon.
             The game lasted 00:26:08 (5603 turns).

Curus the Severer (Minotaur Fighter)                Turns: 5603, Time: 00:26:08

Health: -8/70      AC: 10    Str: 27    XL:     9   Next: 51%
Magic:  8/8        EV:  6    Int:  7    God:    Makhleb [......]
Gold:   302        SH: 10    Dex: 10    Spells: 8/8 levels left

rFire    . . .     SeeInvis .   a - +0 war axe
rCold    . . .     Gourm    .   c - +0 shield
rNeg     . . .     Faith    .   r - +0 chain mail (curse)
rPois    +         Spirit   .   (helmet restricted)
rElec    .         Reflect  .   (no cloak)
rCorr    .         Harm     .   (no gloves)
MR       +....                  j - +0 pair of boots
Stlth    ..........             (no amulet)
HPRegen  0.21/turn              k - ring of poison resistance
MPRegen  0.11/turn              h - ring of protection from magic

@: mighty
A: retaliatory headbutt, horns 2
a: Renounce Religion


You were on level 8 of the Dungeon.
You worshipped Makhleb.
Makhleb was noncommittal.
You were not hungry.

You visited 2 branches of the dungeon, and saw 9 of its levels.

You collected 302 gold pieces.

Inventory:

Hand Weapons
 a - a +0 war axe (weapon)
 z - a -3 battleaxe
Armour
 b - a +0 scale mail
 c - a +0 shield (worn)
 j - a +0 pair of boots (worn)
 o - a +0 chain mail
 r - a cursed +0 chain mail (worn)
Jewellery
 h - a ring of protection from magic (right hand)
 i - an uncursed ring of protection from fire
 k - a ring of poison resistance (left hand)
 n - an uncursed ring of attention
Wands
 q - a wand of iceblast (6)
 x - a wand of digging (4)
 y - a wand of flame (20)
 A - a wand of random effects (18)
Scrolls
 e - 7 scrolls of teleportation
 l - 8 scrolls of identify
 s - 3 scrolls of magic mapping
 t - 2 scrolls of fog
Potions
 d - 3 potions of might
 g - 4 potions of curing
 m - a potion of ambrosia
 p - 2 potions of cancellation
 u - a potion of brilliance
 v - a potion of resistance
 w - a potion of agility
Comestibles
 f - 10 rations
 B - 3 chunks of flesh


   Skills:
 - Level 3.6 Fighting
 + Level 15.0 Axes
 - Level 3.6 Armour
 - Level 3.6 Shields


You had 8 spell levels left.
You didn't know any spells.
Your spell library was empty.

Dungeon Overview and Level Annotations

Branches:
Dungeon (8/15)             Temple (1/1) D:7
   Lair: D:8-11

Altars:
Dithmenos
Elyvilon
Fedhas
Gozag
Kikubaaqudgha
Makhleb
Nemelex Xobeh
Trog
Yredelemnul
Zin


Innate Abilities, Weirdness & Mutations

You reflexively headbutt those who attack you in melee.
You have a pair of horns on your head.


Message History

You hit the orc but do no damage. You slash the orc warrior!
Your headbutt misses the orc warrior.
The orc warrior is severely wounded.
You slash the orc!
You kill the orc!
Makhleb accepts your kill.
The orc warrior hits you with a +0 halberd!!
You hit the orc warrior. Your headbutt misses the orc warrior.
The orc warrior is severely wounded.
The orc warrior hits you with a +0 halberd!
You hit the orc warrior.
You headbutt the orc warrior, but do no damage.
The orc warrior is severely wounded.
The orc warrior hits you with a +0 halberd!
* * * LOW HITPOINT WARNING * * *
You feel very mighty all of a sudden.
You hit the orc warrior.
The orc warrior is almost dead.
The orc warrior hits you with a +0 halberd!!
You die...

#..##...#................#
#.###...#.....#..........#
..# #..##.##..#..).......#
..##..#...#..............#
#.##.##..##..##..........#
......... #..##.(#.#######
.....#.####..##....######
#...... #.###.#........
....### #. #.o@........
..... #. #.))#....... ..
#...#....... #...#.......
............ ##.#.........
#####.......


You could see an orc warrior.

Vanquished Creatures
  Pikel (D:6)
  A hippogriff (D:7)
  A hungry ghost (D:8)
  Duvessa (D:6)
  2 ice beasts
  A slave (D:6)
  3 phantoms
  An orc warrior (D:6)
  2 necrophages
  2 ogres
  Blork the orc (D:6)
  2 bullfrogs
  2 scorpions
  3 wights (D:7)
  A bullfrog zombie (D:6)
  A crimson imp (D:5)
  2 hounds
  A quasit (D:8)
  3 orc wizards
  2 bullfrog skeletons
  Terence (D:3)
  7 worker ants
  A worker ant zombie (D:5)
  Robin (D:3)
  6 gnolls
  6 adders
  2 shadow imps
  An ooze (D:1)
  3 adder skeletons
  An adder zombie (D:6)
  3 worms
  A dart slug (D:4)
  6 leopard geckos
  17 orcs
  3 bats (D:2)
  4 giant cockroaches
  13 goblins
  13 hobgoblins
  12 jackals
  5 quokkas
  2 ball pythons
  A ball python skeleton (D:4)
  6 frilled lizards
  4 kobolds
  2 quokka skeletons
  9 rats
163 creatures vanquished.

Vanquished Creatures (others)
  A slave (D:6)
  Dowan (D:6)
  An adder (D:6)
3 creatures vanquished.

Grand Total: 166 creatures vanquished

Notes
Turn   | Place    | Note
-------+----------+-------------------------------------------
     0 | D:1      | Curus the Minotaur Fighter began the quest for the Orb.
     0 | D:1      | Reached XP level 1. HP: 19/19 MP: 0/0
    50 | D:1      | Reached skill level 3 in Axes
   157 | D:1      | Reached XP level 2. HP: 26/26 MP: 1/1
   877 | D:2      | Reached skill level 4 in Axes
   905 | D:2      | Reached XP level 3. HP: 17/31 MP: 2/2
   913 | D:2      | Reached skill level 5 in Axes
  1011 | D:2      | Reached XP level 4. HP: 25/39 MP: 3/3
  1464 | D:3      | Noticed Robin
  1516 | D:3      | Killed Robin
  1516 | D:3      | Reached skill level 6 in Axes
  1928 | D:3      | Noticed Terence
  1945 | D:3      | Killed Terence
  1945 | D:3      | Reached XP level 5. HP: 42/45 MP: 4/4
  2349 | D:4      | Reached skill level 7 in Axes
  2370 | D:4      | Reached XP level 6. HP: 27/51 MP: 5/5
  2450 | D:4      | Reached skill level 8 in Axes
  2862 | D:4      | Found a glowing drain.
  2984 | D:5      | Entered Level 5 of the Dungeon
  3044 | D:5      | Reached skill level 9 in Axes
  3044 | D:5      | Reached XP level 7. HP: 50/57 MP: 6/6
  3446 | D:5      | Reached skill level 10 in Axes
  3653 | D:6      | Noticed Pikel
  3656 | D:6      | Noticed Dowan
  3684 | D:6      | Killed Pikel
  3684 | D:6      | Reached skill level 11 in Axes
  3684 | D:6      | Reached XP level 8. HP: 37/64 MP: 7/7
  3691 | D:6      | Killed Dowan
  3702 | D:6      | Noticed Duvessa
  3713 | D:6      | Killed Duvessa
  3983 | D:6      | Reached skill level 12 in Axes
  4159 | D:6      | Reached skill level 13 in Axes
  4189 | D:6      | Noticed Blork the orc
  4202 | D:6      | Killed Blork the orc
  4392 | D:7      | Noticed a hippogriff
  4400 | D:7      | Killed a hippogriff
  4400 | D:7      | Reached XP level 9. HP: 51/70 MP: 8/8
  4567 | D:7      | Reached skill level 14 in Axes
  4785 | D:7      | Found a staircase to the Ecumenical Temple.
  4798 | Temple   | Entered the Ecumenical Temple
  4868 | Temple   | Became a worshipper of Makhleb the Destroyer
  5125 | D:7      | Noticed a moth of wrath
  5127 | D:7      | Found a bloodstained altar of Trog.
  5409 | D:8      | Found an opulent altar of Gozag.
  5576 | D:8      | Reached skill level 15 in Axes
  5603 | D:8      | Mangled by an orc warrior

Levels and vault maps discovered:
D:1:      psy_arrival_dodecagon, layout_basic
D:2:      layout_basic, guppyfry_early_orc_mine
D:3:      layout_basic, serial_glass, glass_columns_c, glass_columns_c,
          glass_columns_a, glass_columns_a, uniq_robin, uniq_terence
D:4:      layout_loops_cross, portal_sewer_entry_b
D:5:      layout_loops_cross, first_ration
D:6:      layout_basic, uniq_duvessa, uniq_pikel, uniq_blork_the_orc
D:7:      layout_loops_ring, tgw_trog, minmay_temple_entry_overgrown
D:8:      kennysheep_kobold_camp, layout_rooms, nicolae_ru_path_of_blood,
          lemuel_coloured_pillars_altar, basic_altar
Temple:   dpeg_five_rooms_temple

Skill      XL: |  1  2  3  4  5  6  7  8  9 |
---------------+----------------------------+-----
Axes           | 3 4 5 6 7 9 11 13 15 | 15.0
Fighting       | |  3.6
Armour         | |  3.6
Shields        | |  3.6

Action                   |  1- 3 |  4- 6 |  7- 9 || total
-------------------------+-------+-------+-------++-------
Melee: War axe           |    46 |   234 |   298 ||   578
       Headbutt          |     8 |    22 |    48 ||    78
       Battleaxe         |       |       |     6 ||     6
Evoke: Wand              |       |       |     1 ||     1
  Use: Potion            |     3 |     4 |     8 ||    15
       Scroll            |     3 |     3 |     4 ||    10
 Stab: Invisible         |       |       |     1 ||     1
  Eat: Chunk             |       |     7 |     6 ||    13
       Ration            |       |       |     1 ||     1
Armor: Scale mail        |    12 |    66 |       ||    78
       Chain mail        |       |    31 |    97 ||   128
Dodge: Dodged            |    14 |    66 |    46 ||   126
Block: Shield            |    24 |   101 |   106 ||   231
